 Dungeon Crawl Stone Soup version 0.30-a0-777-ga9a30cbeda (webtiles) character file.

Game seed: 5992362300299162372

24939 mopl the Ruffian (level 12, -3/118 HPs)
             Began as a Troll Artificer on Feb 13, 2023.
             Was a High Priest of Okawaru.
             Slain by a cane toad (12 damage)
             ... on level 3 of the Lair of Beasts.
             The game lasted 00:18:05 (10433 turns).

mopl the Ruffian (Troll Artificer)                 Turns: 10433, Time: 00:18:06

Health: -3/118     AC: 15    Str: 23    XL:     12   Next: 85%
Magic:  15/16      EV: 15    Int:  7    God:    Okawaru [*****.]
Gold:   507        SH:  0    Dex: 14    Spells: 10/11 levels left

rFire   + . .      SeeInvis .      - Unarmed
rCold   + . .      Faith    +    (no shield)
rNeg    . . .      Spirit   .    L - +0 steam dragon scales
rPois   .          Reflect  .    n - +2 hat {Will+}
rElec   .          Harm     .    E - scarf {rC+ rF+}
rCorr   .          Rampage  .    (gloves unavailable)
Will    +....                    (boots unavailable)
Stlth   ++++                     t - amulet of faith {!P}
HPRegen 1.19/turn                O - +4 ring of slaying
MPRegen 0.15/turn                v - +4 ring of protection

@: heroic
A: large, unfitting armour, claws 3, regeneration 1, shaggy fur 1, tough skin 1
a: Renounce Religion, Heroism, Finesse, Duel


You were on level 3 of the Lair of Beasts.
You worshipped Okawaru.
Okawaru was extremely pleased with you.
You visited 3 branches of the dungeon, and saw 15 of its levels.

You collected 910 gold pieces.
You spent 403 gold pieces at shops.

Inventory:

Hand Weapons
 w - a +0 dagger of venom
 C - a +1 falchion of flaming
 V - a +5 flail of freezing
 Z - a +4 scimitar of holy wrath
Missiles
 g - 21 poisoned darts (quivered)
 A - 2 large rocks
 G - 15 boomerangs
 K - a curare-tipped dart
Armour
 k - a scarf of shadows
 n - a +2 hat of willpower (worn)
 E - a scarf of resistance (worn)
 L - +0 steam dragon scales (worn)
Jewellery
 t - an amulet of faith (around neck) {!P}
 v - a +4 ring of protection (right claw)
 D - a ring of see invisible
 O - a +4 ring of slaying (left claw)
 Q - a ring of positive energy
Wands
 c - a wand of flame (58)
 d - a wand of charming (15)
 e - a wand of iceblast (5)
 l - a wand of roots (16)
 F - a wand of acid (2)
 N - a wand of digging (14)
Scrolls
 b - 5 scrolls of noise {unknown}
 f - a scroll of fear {unknown}
 h - 6 scrolls of teleportation {unknown}
 i - 5 scrolls of summoning {unknown}
 j - 3 scrolls of vulnerability {unknown}
 m - 7 scrolls of enchant armour {unknown}
 r - 2 scrolls of amnesia {unknown}
 s - a scroll of acquirement {unknown}
 u - 3 scrolls of fog {unknown}
 x - 5 scrolls of magic mapping {unknown}
 B - 2 scrolls of brand weapon {unknown}
 J - 2 scrolls of blinking {unknown}
 R - 4 scrolls of enchant weapon {unknown}
 S - a scroll of torment {unknown}
Potions
 a - a potion of flight
 o - 2 potions of berserk rage {!q}
 p - 3 potions of heal wounds
 q - 2 potions of resistance
 z - 3 potions of lignification {!q}
 H - 3 potions of cancellation
 I - 3 potions of ambrosia
 M - a potion of invisibility {unknown}
 P - 6 potions of curing
 U - a potion of haste
 W - 2 potions of mutation {unknown}
 X - a potion of might {unknown}


   Skills:
 - Level 7.0(12.0) Fighting
 - Level 7.0(12.0) Throwing
 - Level 7.0(12.0) Armour
 - Level 7.0(12.0) Dodging
 + Level 2.9(7.9) Stealth
 - Level 7.0(12.0) Unarmed Combat
 + Level 3.4 Translocations
 - Level 7.0 Invocations
 - Level 7.0 Evocations


You had 10 spell levels left.
You knew the following spells:

 Your Spells              Type           Power      Damage    Failure   Level
a - Apportation           Tloc           8%         N/A       12%         1

Your spell library contained the following spells:

 Spells                   Type           Power      Damage    Failure   Level
 Gell's Gravitas          Tloc           4%         N/A       34%         3
 Teleport Other           Tloc           4%         N/A       34%         3
 Magic Dart               Conj           0%         1d3       43%         1
 Sting                    Tmut/Pois      0%         1d3       43%         1
 Poisonous Vapours        Pois/Air       0%         N/A       56%         2
 Searing Ray              Conj           0%         2d4       56%         2
 Sublimation of Blood     Necr           0%         N/A       56%         2
 Wereblood                Tmut           0%         N/A       56%         2
 Passage of Golubria      Tloc           4%         N/A       75%         4
 Mephitic Cloud           Conj/Pois/Air  0%         N/A       80%         3
 Airstrike                Air            0%         2d(0-16)  99%         4
 Fulminant Prism          Conj/Hex       0%         3d5       99%         4
 Olgreb's Toxic Radiance  Pois           0%         N/A       99%         4
 Alistair's Intoxication  Tmut/Pois      0%         N/A       100%        5
 Lightning Bolt           Conj/Air       0%         1d11      100%        5
 Silence                  Hex/Air        0%         N/A       100%        5
 Dispersal                Tloc           2%         N/A       100%        6
 Lehudib's Crystal Spear  Conj/Erth      0%         10d2      100%        8
 Call Imp                 Summ           Unusable   N/A       N/A         2
 Summon Lightning Spire   Summ/Air       Unusable   N/A       N/A         4
 Summon Hydra             Summ           Unusable   N/A       N/A         7

Dungeon Overview and Level Annotations

Branches:
Dungeon (11/15)            Temple (1/1) D:4            Lair (3/5) D:9
  Swamp (0/4) Lair:2
  Snake: Lair:2-3    Spider: Lair:2-3       Orc: D:9-12

Altars:
Ashenzari
Cheibriados
Dithmenos
Elyvilon
Fedhas
Gozag
Hepliaklqana
Kikubaaqudgha
Makhleb
Nemelex Xobeh
Okawaru
Qazlal
Ru
Sif Muna
Trog
Uskayaw
Vehumet
Wu Jian
Xom
Yredelemnul
Zin
The Shining One

Shops:
D:1 [   D:4 :   D:5 (   D:8 !   D:10 :

Annotations:
Lair:2 2 transporters, Athor's ghost, journeyman DECj


Innate Abilities, Weirdness & Mutations

You are too large for most types of armour.
You have claws for hands.
Your natural rate of healing is unusually fast.
You are covered in fur. (AC +1)
You have tough skin. (AC +1)


Message History

The cane toad stings you!
* * * LOW HITPOINT WARNING * * *
The cane toad misses you.
* * * LOW HITPOINT WARNING * * *
You feel very sick. The basilisk gazes at you.
You resist with almost no effort.
You feel better. The water moccasin barely misses you.
You gain the combat prowess of a mighty hero.
The cane toad stings you.
* * * LOW HITPOINT WARNING * * *
The water moccasin bites you but does no damage.
The blink frog blinks!
The water moccasin closely misses you.
You claw the water moccasin! x2
The water moccasin is almost dead.
The water moccasin bites you but does no damage.
The cane toad stings you but does no damage.
You miss the water moccasin.
The water moccasin is almost dead.
The water moccasin bites you but does no damage.
The cane toad stings you but does no damage.
You scratch the water moccasin but do no damage.
The water moccasin is almost dead.
The water moccasin closely misses you. The cane toad barely misses you.
You claw the water moccasin!
You kill the water moccasin!
Okawaru accepts your kill. The cane toad stings you!
* * * LOW HITPOINT WARNING * * *
You scratch the cane toad.
The cane toad is lightly wounded.
The cane toad completely misses you.
You claw the cane toad! You claw the cane toad!!
The cane toad is almost dead.
The blink frog blinks!
The cane toad misses you.
You scratch the cane toad.
The cane toad is almost dead.
The cane toad stings you!
You die...

.....#####..........#
.........#.....<...##
.....##....#........###
.....#...##...........###
.....#...###.............
..††>...## ##.#.#.####..
....†.##.# #####.##
#...P## # #####.†.#
.....# #..lF@.## #.#.##
##.§######## ## #...###
###†.#†##..##.# .#P+..##
#P....†....l†.+
.......###
#...^.+.###†##(.Fl..
.........####....### ###
...(. .........#.#.....##
.... ..................#
... #.##.P##.####....##
F.


You could see a cane toad and a basilisk.

Vanquished Creatures
  Gastronok (Lair:3)
  Erolcha (D:10)
  A boulder beetle (D:11)
  2 two-headed ogres
  Urug (D:11)
  Pikel (D:7)
  Maurice (D:8)
  An ugly thing (D:11)
  2 black mambas (Lair:1)
  6 cane toads
  7 komodo dragons
  A troll (D:11)
  11 blink frogs
  31 yaks
  3 wyverns
  A wraith (D:9)
  4 basilisks
  3 steam dragons
  An acid dragon (D:8)
  10 water moccasins
  Duvessa (D:7)
  4 orc warriors
  2 black bears (Lair:1)
  2 ice beasts
  A swamp drake (Lair:2)
  11 wolves
  An ogre (D:4)
  3 centaurs
  A phantom (D:4)
  4 lemures (D:7)
  2 kobold brigands (D:7)
  7 bullfrogs
  3 necrophages
  4 scorpions
  20 wights
  Dowan (D:7)
  15 killer bees
  4 howler monkeys
  A lava snake (D:7)
  5 hounds
  2 orc priests
  A jelly (D:5)
  7 hell rats
  15 iguanas
  11 orc wizards
  Natasha (D:4)
  A gnoll (D:1)
  6 adders
  11 river rats (Lair:2)
  3 white imps
  5 worms
  4 dart slugs
  45 orcs
  5 ball pythons
  7 bats
  9 endoplasms
  4 giant cockroaches
  8 goblins
  6 hobgoblins
  10 jackals
  19 kobolds
  2 frilled lizards
  6 rats
369 creatures vanquished.

Vanquished Creatures (others)
  A bush (Lair:1)
  10 fungi
  14 plants
25 creatures vanquished.

Grand Total: 394 creatures vanquished

Notes
Turn   | Place    | Note
-------+----------+-------------------------------------------
     0 | D:1      | mopl the Troll Artificer began the quest for the Orb.
     0 | D:1      | Reached XP level 1. HP: 18/18 MP: 0/0
    80 | D:1      | Reached skill level 1 in Unarmed Combat
   142 | D:1      | Reached XP level 2. HP: 26/26 MP: 1/1
   186 | D:1      | Reached skill level 2 in Unarmed Combat
   237 | D:1      | Found Wiahigy Opry's Antique Armour Shop.
   264 | D:1      | Reached XP level 3. HP: 22/32 MP: 2/2
   324 | D:1      | Reached skill level 3 in Unarmed Combat
   562 | D:2      | Found a hazy altar of Hepliaklqana.
   804 | D:2      | Reached XP level 4. HP: 40/40 MP: 3/3
  1458 | D:3      | Reached skill level 4 in Unarmed Combat
  1847 | D:3      | Reached XP level 5. HP: 42/46 MP: 4/4
  1855 | D:3      | Reached skill level 5 in Unarmed Combat
  2195 | D:4      | Noticed a water moccasin
  2285 | D:4      | Killed a water moccasin
  2286 | D:4      | Reached skill level 6 in Unarmed Combat
  2286 | D:4      | Reached XP level 6. HP: 46/54 MP: 3/5
  2340 | D:4      | Reached skill level 1 in Fighting
  2346 | D:4      | Found Vaganeje's Book Boutique.
  2462 | D:4      | Reached skill level 2 in Fighting
  2462 | D:4      | Reached XP level 7. HP: 39/65 MP: 6/6
  2555 | D:4      | Found a staircase to the Ecumenical Temple.
  2563 | Temple   | Entered the Ecumenical Temple
  2702 | Temple   | Became a worshipper of Warmaster Okawaru
  2861 | D:4      | Reached skill level 7 in Unarmed Combat
  2861 | D:4      | Reached skill level 1 in Invocations
  2887 | D:4      | Noticed Natasha
  2890 | D:4      | Killed Natasha
  3080 | D:4      | Found a stormy altar of Qazlal.
  3105 | D:5      | Entered Level 5 of the Dungeon
  3144 | D:5      | Reached skill level 3 in Fighting
  3144 | D:5      | Reached skill level 2 in Invocations
  3646 | D:5      | Found Fiuschuu's Weapon Boutique.
  3657 | D:5      | Bought 3 poisoned darts for 25 gold pieces
  3788 | D:6      | Reached * piety under Okawaru
  3789 | D:6      | Reached skill level 3 in Invocations
  3790 | D:6      | Reached XP level 8. HP: 78/78 MP: 9/9
  3919 | D:6      | Reached skill level 4 in Fighting
  3919 | D:6      | Reached skill level 1 in Throwing
  4294 | D:7      | Reached skill level 2 in Throwing
  4339 | D:7      | Reached skill level 4 in Invocations
  4401 | D:7      | Noticed Duvessa
  4402 | D:7      | Noticed Dowan
  4438 | D:6      | Reached skill level 3 in Evocations
  4449 | D:6      | Reached ** piety under Okawaru
  4500 | D:7      | Killed Duvessa
  4533 | D:7      | Reached skill level 3 in Throwing
  4533 | D:7      | Reached XP level 9. HP: 87/87 MP: 11/11
  4572 | D:7      | Identified the +2 buckler of Perfidy {rF+}
  4689 | D:7      | Killed Dowan
  4785 | D:7      | Found a radiant altar of Vehumet.
  4785 | D:7      | Found a white marble altar of Elyvilon.
  4846 | D:7      | Found a hazy altar of Hepliaklqana.
  4862 | D:7      | Noticed Pikel
  4880 | D:7      | Killed Pikel
  4880 | D:7      | Reached *** piety under Okawaru
  4881 | D:7      | Reached skill level 5 in Fighting
  4881 | D:7      | Reached skill level 5 in Invocations
  4905 | D:7      | Reached skill level 4 in Evocations
  5280 | D:8      | Reached skill level 4 in Throwing
  5280 | D:8      | Reached skill level 2 in Dodging
  5391 | D:8      | Reached **** piety under Okawaru
  5392 | D:8      | Reached skill level 1 in Armour
  5553 | D:8      | Found Qimulese's Distillery.
  5576 | D:8      | Reached XP level 10. HP: 61/98 MP: 8/13
  5655 | D:8      | Bought a potion of flight for 42 gold pieces
  5655 | D:8      | Bought a potion of ambrosia for 112 gold pieces
  5655 | D:8      | Bought a potion of heal wounds for 70 gold pieces
  5655 | D:8      | Bought a potion of heal wounds for 70 gold pieces
  5655 | D:8      | Bought 2 potions of lignification for 84 gold pieces
  5697 | D:8      | Found a sacrificial altar of Ru.
  5732 | D:8      | Reached skill level 2 in Armour
  5732 | D:8      | Reached skill level 3 in Dodging
  5751 | D:8      | Reached skill level 6 in Invocations
  5763 | D:8      | Noticed Maurice
  5812 | D:8      | Killed Maurice
  5813 | D:8      | Reached skill level 6 in Fighting
  5813 | D:8      | Reached skill level 5 in Throwing
  5971 | D:8      | Reached ***** piety under Okawaru
  6015 | D:8      | Found a sparkling altar of Nemelex Xobeh.
  6156 | D:9      | Found a staircase to the Lair.
  6228 | D:9      | Reached skill level 5 in Evocations
  6277 | D:9      | Reached skill level 3 in Armour
  6281 | D:9      | Received a gift from Okawaru
  6631 | D:9      | Reached skill level 4 in Dodging
  6763 | D:10     | Entered Level 10 of the Dungeon
  6806 | D:10     | Learned a level 1 spell: Apportation
  6930 | D:10     | Reached XP level 11. HP: 97/107 MP: 10/15
  6956 | D:10     | Noticed Erolcha
  6964 | D:10     | Noticed a two-headed ogre
  6973 | D:10     | Killed a two-headed ogre
  7007 | D:10     | Killed Erolcha
  7008 | D:10     | Reached skill level 6 in Throwing
  7013 | D:10     | Found a blossoming altar of Fedhas.
  7080 | D:10     | Reached skill level 7 in Invocations
  7165 | D:10     | Found Ynufoviu's Vocational Training.
  7324 | D:10     | Found an ornate altar of the Wu Jian Council.
  7581 | D:11     | Noticed a cyan ugly thing
  7595 | D:11     | Killed a cyan ugly thing
  7612 | D:11     | Noticed Urug
  7666 | D:11     | Killed Urug
  7667 | D:11     | Reached skill level 7 in Fighting
  7667 | D:11     | Reached skill level 4 in Armour
  7697 | D:11     | Noticed a two-headed ogre
  7705 | D:11     | Killed a two-headed ogre
  7887 | D:11     | Noticed a boulder beetle
  7899 | D:11     | Killed a boulder beetle
  7900 | D:11     | Reached skill level 5 in Dodging
  7900 | D:11     | Reached skill level 6 in Evocations
  8311 | Lair:1   | Entered Level 1 of the Lair of Beasts
  8452 | Lair:1   | Received a gift from Okawaru
  8507 | Lair:1   | Reached skill level 7 in Throwing
  8523 | Lair:1   | Reached skill level 5 in Armour
  8624 | Lair:1   | Reached XP level 12. HP: 75/118 MP: 16/16
  8803 | Lair:1   | Reached skill level 6 in Dodging
  9300 | Lair:2   | Reached skill level 6 in Armour
  9300 | Lair:2   | Reached skill level 7 in Evocations
  9476 | Lair:2   | Received a gift from Okawaru
  9504 | Lair:2   | Found a staircase to the Swamp.
  9508 | Lair:2   | Reached skill level 1 in Stealth
  9521 | Lair:2   | Found a sacrificial altar of Ru.
  9533 | Lair:2   | Found a transporter.
  9538 | Lair:2   | Reached skill level 1 in Translocations
  9544 | Lair:2   | Noticed Athor's ghost (journeyman DECj)
  9562 | Lair:2   | Found a transporter.
  9592 | Lair:2   | Identified the +4 hand axe of Valour {flame, Will+}
 10033 | Lair:3   | Received a gift from Okawaru
 10056 | Lair:3   | Noticed Gastronok
 10076 | Lair:3   | Killed Gastronok
 10102 | Lair:3   | Reached skill level 7 in Dodging
 10102 | Lair:3   | Reached skill level 2 in Translocations
 10232 | Lair:3   | Reached skill level 2 in Stealth
 10353 | Lair:3   | Reached skill level 7 in Armour
 10387 | Lair:3   | Reached skill level 3 in Translocations
 10433 | Lair:3   | Slain by a cane toad

Illustrated notes

Levels and vault maps discovered:
D:1:      mrwooster_arrival_statue_3, layout_basic, serial_shops,
          nicolae_shop_statue_plus
D:2:      layout_loops_corners, basic_altar, chequers_big_river
D:3:      layout_loops_ring, serial_rivers, chequers_serial_rivers_room_a,
          chequers_serial_rivers_room_a, chequers_serial_rivers_marsh,
          chequers_serial_rivers_small_b, chequers_serial_rivers_marsh
D:4:      layout_basic, kennysheep_mini, minmay_temple_entry_hall, serial_shops,
          nicolae_shop_trees, uniq_natasha
D:5:      layout_loops_ring, serial_shops, nicolae_shop_bloodbath_and_beyond
D:6:      layout_cave_pools
D:7:      layout_gridville, nicolae_overflow_two_pavilions,
          mainiacjoe_overflow_paths, uniq_pikel, uniq_duvessa
D:8:      layout_cave_pools, mainiacjoe_overflow_24_doors,
          nemelex_diamond_rough_becter, serial_shops, nicolae_shop_crystal,
          kennysheep_generic_room_14, uniq_maurice
D:9:      layout_rooms, lair_entry_dummy
D:10:     layout_basic, fedhas_altar_1, pdpol_wu_jian_five_deadly_venoms,
          nicolae_shop_vocational, uniq_erolcha
D:11:     layout_loops_cross, uniq_urug
Temple:   nicolae_temple_superstar
Lair:1:   layout_roguey
Lair:2:   beast_lair_carwin_large_4, layout_misc_corridors,
          minmay_swamp_entry_reptiles, gammafunk_ghost_berserking_beasts,
          basic_altar, chequers_serial_rivers_large_a, kennysheep_rathole
Lair:3:   layout_roguey [special_room_mythical_zoo], dummy_snake_entry,
          lemuel_centaur_altar, uniq_gastronok

Skill      XL: |  1  2  3  4  5  6  7  8  9 10 11 12 |
---------------+-------------------------------------+-----
Unarmed Combat | 1 2 3 4 6 7 |  7.0
Fighting       | 2 3 4 5 6 7 |  7.0
Invocations    | 3 4 5 6 7 |  7.0
Throwing       | 3 4 5 7 |  7.0
Evocations     | 3 4 5 6 7 |  7.0
Dodging        | 2 4 5 7 |  7.0
Armour         | 1 3 5 7 |  7.0
Stealth        | 2 |  2.9
Translocations | 3 |  3.4

Action                     |  1- 3 |  4- 6 |  7- 9 | 10-12 || total
---------------------------+-------+-------+-------+-------++-------
  Melee: Unarmed           |   111 |   126 |   340 |   747 ||  1324
         Punch             |     1 |     5 |    13 |    39 ||    58
  Throw: Dart              |       |       |     6 |    29 ||    35
 Invoke: Heroism           |       |       |       |    12 ||    12
    Use: Scroll            |       |     4 |     4 |     2 ||    10
         Potion            |       |       |       |     3 ||     3
   Stab: Sleeping          |     1 |     3 |     3 |     2 ||     9
         Distracted        |       |       |     2 |       ||     2
         Confused          |       |       |       |     2 ||     2
 Armour: Robe              |    41 |    37 |    71 |       ||   149
         Steam dragon scal |       |       |    86 |   293 ||   379
  Dodge: Dodged            |    63 |    71 |   198 |   496 ||   828

Table legend: (Time is in decaauts)
 A = Elapsed time spent in this place.
 B = Non-inter-level travel time spent in this place.
 C = Inter-level travel time spent in this place.
 D = Time resting spent in this place.
 E = Time spent auto-exploring this place.
 F = Levels seen in this place.
 G = Mean time per level.
                   A        B        C        D        E       F      G
               +--------+--------+--------+--------+--------+-----+--------+
         Total |  10266 |   9701 |    565 |    419 |   6692 |  15 |  684.4 |
       Dungeon |   8054 |   7667 |    387 |    317 |   5472 |  11 |  732.2 |
        Temple |    152 |    114 |     38 |      0 |    100 |   1 |  152.0 |
          Lair |   2059 |   1920 |    139 |    102 |   1120 |   3 |  686.3 |
               +--------+--------+--------+--------+--------+-----+--------+

Top non-repeatable levels by time:
     D:7: 992 daAuts
     D:2: 931 daAuts
  Lair:1: 923 daAuts
    D:10: 881 daAuts
     D:8: 809 daAuts
     D:3: 791 daAuts
  Lair:2: 746 daAuts
     D:4: 692 daAuts
     D:5: 673 daAuts
     D:9: 654 daAuts
    D:11: 593 daAuts
     D:6: 519 daAuts
     D:1: 514 daAuts
  Lair:3: 389 daAuts
  Temple: 152 daAuts
